 Dungeon Crawl Stone Soup version 0.28-a0-925-gd5e1996cdb (webtiles) character file.

Game seed: 11224064885078732096

91 vineage the Skirmisher (level 4, 0/32 HPs)
             Began as a Gargoyle Fighter on Nov 26, 2021.
             Slain by an ogre (13 damage)
             ... on level 3 of the Dungeon.
             The game lasted 00:02:37 (3244 turns).

vineage the Skirmisher (Gargoyle Fighter)           Turns: 3244, Time: 00:02:38

Health: 0/32       AC: 13    Str: 20    XL:     4   Next: 59%
Magic:  4/4        EV:  5    Int:  8    God:
Gold:   68         SH: 11    Dex: 10    Spells: 3/3 levels left

rFire   . . .      SeeInvis .   a - +0 flail
rCold   . . .      Faith    .   k - +0 tower shield
rNeg    + . .      Spirit   .   b - +0 scale mail
rPois   ∞          Reflect  .   (no helmet)
rElec   +          Harm     .   h - +2 cloak
rCorr   .          Rampage  .   (no gloves)
Will    .....                   (no boots)
Stlth   ..........              (no amulet)
HPRegen 0.10/turn               (no ring)
MPRegen 0.09/turn               (no ring)

@: mighty
A: sickness immunity, AC +3, negative energy resistance 1, electricity
resistance, torment resistance 1, petrification resistance
a: no special abilities


You were on level 3 of the Dungeon.
You visited 1 branch of the dungeon, and saw 3 of its levels.

You collected 68 gold pieces.

Inventory:

Hand Weapons
 a - a +0 flail (weapon)
Armour
 b - a +0 scale mail (worn)
 c - a +1 buckler
 h - a +2 cloak (worn)
 k - a +0 tower shield (worn)
Scrolls
 d - a scroll of enchant armour
 f - a scroll of enchant weapon {unknown}
Potions
 e - a potion of haste
 i - 2 potions of might
 j - a potion of brilliance


   Skills:
 + Level 5.7 Fighting
 - Level 2.0 Maces & Flails
 - Level 3.2 Armour
 - Level 3.2 Shields


You had 3 spell levels left.
You didn't know any spells.
Your spell library contained the following spells:

 Spells                   Type           Power      Damage    Failure   Level
 Magic Dart               Conj           0%         1d3       100%        1
 Pain                     Necr           0%         1d4       100%        1
 Searing Ray              Conj           0%         2d4       100%        2
 Fulminant Prism          Conj/Hex       0%         3d6       100%        4
 Agony                    Necr           0%         N/A       100%        5
 Excruciating Wounds      Necr           0%         N/A       100%        5


Dungeon Overview and Level Annotations

Branches:
Dungeon (3/15)

Altars:
Xom


Innate Abilities, Weirdness & Mutations

You are immune to sickness and miasma.
Your stone body is resilient. (AC +3)
You are immune to poison.
You resist negative energy. (rN+)
You are resistant to electric shocks. (rElec)
You are resistant to unholy torment.
You are immune to petrification.


Message History

No target in view!
No target in view!
No target in view!
No target in view!
No target in view!
No target in view!
No target in view!
No target in view!
No target in view!
HP restored.
Found a leather armour and a scroll labelled YGHALAMADY.
Items here: )) †††.
Found 17 stones.
f - a scroll labelled YGHALAMADY No target in view!
Items here: )) †††.
There is an open door here.
An ogre comes into view. It is wielding a +0 giant spiked club.
The ogre shouts!
A bat comes into view.
There are monsters nearby!
There are monsters nearby!
You open the door. You block the bat's attack.
There is an open door here.
You miss the bat. You block the bat's attack. x2
The bat hits you but does no damage.
You feel very mighty all of a sudden. You block the bat's attack.
The bat hits you but does no damage.
You sock the bat!
You kill the bat!
The ogre hits you with a +0 giant spiked club!!
Ouch! That really hurt!
There is an open door, spattered with blood here.
You are too injured to fight recklessly!
You completely miss the ogre. The ogre hits you but does no damage.
You thump the ogre!
The ogre is moderately wounded.
The ogre hits you with a +0 giant spiked club!
You die...

##......##..#
##......##.# ##......###
..##......##
##...###......#
###...###......#'#
#...###......###.#
#.###......###.)†#
#@#......###....##
###O.....###....#..#
#......###...##.##.#
.......#..###...#..#.(#[#
.####.##### #############
#. . .. ..


You could see an ogre.

Vanquished Creatures
  2 adders (D:2)
  A worm (D:2)
  A dart slug (D:2)
  2 ball pythons
  5 endoplasms
  2 giant cockroaches
  8 goblins
  7 hobgoblins
  10 jackals
  5 kobolds
  A quokka (D:2)
  4 bats
  4 frilled lizards
  5 rats
57 creatures vanquished.

Notes
Turn   | Place    | Note
-------+----------+-------------------------------------------
     0 | D:1      | vineage the Gargoyle Fighter began the quest for the Orb.
     0 | D:1      | Reached XP level 1. HP: 14/14 MP: 1/1
   178 | D:1      | Reached XP level 2. HP: 17/20 MP: 2/2
   252 | D:1      | Reached skill level 4 in Fighting
   444 | D:1      | HP: 1/20 [rat (2)]
  1137 | D:1      | Reached XP level 3. HP: 17/24 MP: 3/3
  1573 | D:1      | Found a shimmering altar of Xom.
  1961 | D:2      | Reached skill level 5 in Fighting
  2361 | D:2      | Reached XP level 4. HP: 31/31 MP: 4/4
  2577 | D:2      | Found a faded altar of an unknown god.
  3234 | D:3      | Noticed an ogre
  3244 | D:3      | Slain by an ogre

Illustrated notes

Levels and vault maps discovered:
D:1:      dpeg_arrival_water_altar, layout_loops_ring,
          nicolae_concentric_dashed_squares_wild, minmay_misc_feat_tiny,
          minmay_box_of_dots
D:2:      layout_loops_corners, dilly_ecumenical_altar_fadedgnrine
D:3:      minmay_razor_zed, layout_loops_ring, roderic_serpentine_path

Skill      XL: |  1  2  3 |
---------------+----------+-----
Fighting       | 4 5 |  5.7
Maces & Flails | |  2.0
Armour         | |  3.2
Shields        | |  3.2

Action                   |  1- 3 |  4- 6 || total
-------------------------+-------+-------++-------
Melee: Flail             |   128 |    77 ||   205
  Use: Scroll            |     4 |     3 ||     7
       Potion            |     1 |     1 ||     2
Armor: Scale mail        |    63 |    53 ||   116
Dodge: Dodged            |    69 |    37 ||   106
Block: Buckler           |    31 |    16 ||    47
       Tower shield      |       |    32 ||    32

Table legend: (Time is in decaauts)
 A = Elapsed time spent in this place.
 B = Non-inter-level travel time spent in this place.
 C = Inter-level travel time spent in this place.
 D = Time resting spent in this place.
 E = Time spent auto-exploring this place.
 F = Levels seen in this place.
 G = Mean time per level.
                   A        B        C        D        E       F      G
               +--------+--------+--------+--------+--------+-----+--------+
         Total |   3319 |   3234 |     85 |    421 |   2301 |   3 | 1106.3 |
       Dungeon |   3319 |   3234 |     85 |    421 |   2301 |   3 | 1106.3 |
               +--------+--------+--------+--------+--------+-----+--------+

Top non-repeatable levels by time:
     D:1: 1625 daAuts
     D:2: 1404 daAuts
     D:3: 289 daAuts
